 Dungeon Crawl Stone Soup version 0.27-a0-1612-gde56a17b89 (webtiles) character file.

Game seed: 15005430823859105625

96 ipx the Digger (level 4, -7/24 HPs)
             Began as a Deep Elf Earth Elementalist on July 21, 2021.
             Shot with an arrow by a centaur (15 damage)
             ... on level 4 of the Dungeon.
             The game lasted 00:10:54 (809 turns).

ipx the Digger (Deep Elf Earth Elementalist)         Turns: 809, Time: 00:10:54

Health: -7/24      AC:  3    Str: 11    XL:     4   Next: 41%
Magic:  9/10       EV: 12    Int: 21    God:
Gold:   88         SH:  0    Dex: 15    Spells: 3/9 levels left

rFire    . . .     SeeInvis .   (no weapon)
rCold    . . .     Faith    .   (no shield)
rNeg     + . .     Spirit   .   b - +0 robe
rPois    .         Reflect  .   (no helmet)
rElec    .         Harm     .   a - +0 cloak
rCorr    .         Rampage  .   (no gloves)
Will     .....                  (no boots)
Stlth    ++........             (no amulet)
HPRegen  0.08/turn              e - ring of positive energy
MPRegen  0.12/turn              S - +6 ring of strength

@: no status effects
A: no striking features
a: no special abilities


You were on level 4 of the Dungeon.
You visited 1 branch of the dungeon, and saw 4 of its levels.

You collected 88 gold pieces.

Inventory:

Missiles
 c - 71 stones
 g - 4 boomerangs (quivered)
Armour
 a - a +0 cloak (worn)
 b - a +0 robe (worn)
Jewellery
 e - a ring of positive energy (left hand)
 S - a +6 ring of strength (right hand)
Scrolls
 i - a scroll of teleportation {unknown}
 j - a scroll of identify {unknown}
 k - a scroll of acquirement {unknown}
 l - a scroll of holy word {unknown}
 m - a scroll of fog {unknown}
Potions
 d - a potion of haste {unknown}
 f - a potion of might {unknown}
 h - 3 potions of curing {unknown}


   Skills:
 - Level 2.4 Dodging
 - Level 2.4 Stealth
 - Level 3.0 Spellcasting
 * Level 2.4 Conjurations
 - Level 1.1 Transmutations
 + Level 5.0 Earth Magic


You had 3 spell levels left.
You knew the following spells:

 Your Spells              Type           Power      Damage    Failure   Level
r - Stone Arrow           Conj/Erth      38%        3d9       9%          3
w - Passwall              Tmut/Erth      13%        N/A       5%          2
z - Sandblast             Erth           48%        2d12      1%          1

Your spell library contained the following spells:

 Spells                   Type           Power      Damage    Failure   Level
 Dazzling Flash           Conj/Hex       16%        N/A       24%         3
 Petrify                  Tmut/Erth      16%        N/A       36%         4
 Iskenderun's Mystic Bla  Conj/Tloc      8%         2d4       63%         4
 Starburst                Conj/Fire      4%         8x6d3     100%        6


Dungeon Overview and Level Annotations

Branches:
Dungeon (4/15)
 Temple: D:4-7

Altars:
Gozag

Annotations:
D:2 Natasha
D:4 Pikel


Message History

You destroy the adder skeleton!
c - 72 stones A lemure and Pikel come into view.
Pikel is wielding a +0 whip of flaming.
Pikel shouts!
You hear a shout!
There is a stone staircase leading up here.
Press: ? - help, v - describe, . - travel
Here: a lemure The floor.
Unknown command.
You climb upwards.
There is a stone staircase leading down here.
Found a stone staircase leading down.
Found 4 gold pieces.
Found 6 gold pieces.
You now have 82 gold pieces (gained 4).
You now have 88 gold pieces (gained 6).
There is a stone staircase leading down here.
You climb downwards.
Level annotation: Pikel The centaur shouts!
The ufetubus shouts!
The centaur wields a +0 shortbow.
The centaur shoots an arrow.
The arrow completely misses you.
Found 8 boomerangs.
Found a stone staircase leading down.
There is a stone staircase leading up here.
The centaur shoots an arrow.
The arrow completely misses you.
The centaur shoots an arrow.
The arrow hits you!
A jelly comes into view.
Casting: Sandblast (safe; 1% risk of failure)
Confirm with . or Enter, or press ? or * to list all spells.
Aiming: Sandblast (safe; 1% risk of failure)
Press: ? - help, Shift-Dir - straight line, f - ufetubus
Aim: an ufetubus (68% to hit)
The blast of sand hits the ufetubus!
You kill the ufetubus!
c - 71 stones The centaur shoots an arrow.
The arrow hits you!
The centaur shoots an arrow.
The arrow misses you.
The centaur shoots an arrow.
The arrow hits you!
Ouch! That really hurt!
You die...

..... .##
.......###..
#.......#..>
#.......#..
#....J.#..
##(.......#
#...#c.#..####
#.....##....#
##...@......#
#......<....#
##..#.......#
#..#..#....#
#.....#....#
...#....#.##
#...#.#..#.#
##. ..#..... #
... S. ..


You could see a centaur and a jelly.

Vanquished Creatures
  Terence (D:3)
  A gnoll (D:1)
  2 adders (D:3)
  An ufetubus (D:4)
  An adder skeleton (D:4)
  A worm (D:3)
  2 orcs (D:3)
  An endoplasm (D:3)
  A giant cockroach (D:1)
  3 goblins (D:1)
  A hobgoblin (D:3)
  3 jackals
  2 quokkas (D:2)
  4 bats
  A frilled lizard (D:3)
  4 kobolds
  2 rats
31 creatures vanquished.

Notes
Turn   | Place    | Note
-------+----------+-------------------------------------------
     0 | D:1      | ipx the Deep Elf Earth Elementalist began the quest for the
                  | Orb.
     0 | D:1      | Reached XP level 1. HP: 10/10 MP: 6/6
    16 | D:1      | Reached skill level 4 in Earth Magic
    16 | D:1      | Reached XP level 2. HP: 15/15 MP: 2/8
    19 | D:1      | Learned a level 2 spell: Passwall
   268 | D:2      | Found an opulent altar of Gozag.
   270 | D:2      | Found a faded altar of an unknown god.
   325 | D:3      | Reached XP level 3. HP: 19/19 MP: 7/9
   329 | D:3      | Learned a level 3 spell: Stone Arrow
   472 | D:2      | Noticed Natasha
   491 | D:3      | Reached skill level 1 in Conjurations
   500 | D:3      | Noticed Terence
   516 | D:3      | Killed Terence
   517 | D:3      | Reached XP level 4. HP: 24/24 MP: 3/10
   542 | D:3      | Reached skill level 5 in Earth Magic
   687 | D:4      | Noticed an ice beast
   745 | D:4      | Noticed Pikel
   745 | D:4      | Noticed a lemure
   803 | D:4      | Noticed a centaur
   809 | D:4      | Shot with an arrow by a centaur

Illustrated notes

Levels and vault maps discovered:
D:1:      dpeg_arrival_simpleton_a, layout_rooms
D:2:      layout_rooms, basic_altar, basic_ecumenical_altar, eino_tiny_chamber,
          chequers_serial_rivers_micro_d, feat_on_display, uniq_natasha
D:3:      layout_basic, uniq_terence
D:4:      layout_cave_pools, kennysheep_mini_moat,
          minmay_temple_entry_large_hall, ebering_ghost_disaster_area,
          hangedman_decor_push, uniq_sigmund, uniq_pikel

Skill      XL: |  1  2  3  4 |
---------------+-------------+-----
Earth Magic    | 4 5 |  5.0
Conjurations   | 1 2 |  2.4
Dodging        | |  2.4
Stealth        | |  2.4
Spellcasting   | |  3.0
Transmutations | |  1.1

Action                   |  1- 3 |  4- 6 || total
-------------------------+-------+-------++-------
Throw: Boomerang         |     2 |       ||     2
 Cast: Sandblast         |    38 |    14 ||    52
       Stone Arrow       |     1 |     1 ||     2
       Passwall          |     1 |       ||     1
Armor: Robe              |     1 |       ||     1
Dodge: Dodged            |    13 |     3 ||    16

Table legend: (Time is in decaauts)
 A = Elapsed time spent in this place.
 B = Non-inter-level travel time spent in this place.
 C = Inter-level travel time spent in this place.
 D = Time resting spent in this place.
 E = Time spent auto-exploring this place.
 F = Levels seen in this place.
 G = Mean time per level.
                   A        B        C        D        E       F      G
               +--------+--------+--------+--------+--------+-----+--------+
         Total |    812 |    812 |      0 |      0 |      0 |   4 |  203.0 |
       Dungeon |    812 |    812 |      0 |      0 |      0 |   4 |  203.0 |
               +--------+--------+--------+--------+--------+-----+--------+

Top non-repeatable levels by time:
     D:3: 436 daAuts
     D:2: 202 daAuts
     D:1: 156 daAuts
     D:4: 17 daAuts
